 Dungeon Crawl Stone Soup version 0.29-a0-919-gd064cfad1c (webtiles) character file.

Game seed: 9934720856803937289

14940 quixfox the Geomancer (level 12, -28/75 HPs)
             Began as a Gargoyle Earth Elementalist on July 26, 2022.
             Was an Elder of Vehumet.
             Annihilated by a death yak simulacrum (30 damage)
             ... on level 1 of the Lair of Beasts on July 27, 2022.
             The game lasted 00:59:44 (13280 turns).

quixfox the Geomancer (GrEE)                       Turns: 13280, Time: 00:59:45

Health: -28/75     AC: 22    Str: 12    XL:     12   Next: 21%
Magic:  0/24       EV: 11    Int: 21    God:    Vehumet [****..]
Gold:   232        SH:  0    Dex: 10    Spells: 2/27 levels left

rFire   . . .      SeeInvis .   a - staff of earth
rCold   . . .      Faith    .   (no shield)
rNeg    + . .      Spirit   .   n - +1 robe {Archmagi}
rPois   ∞          Reflect  .   (no helmet)
rElec   +          Harm     .   (no cloak)
rCorr   .          Rampage  .   (no gloves)
Will    .....      Archmagi +   p - +1 pair of boots
Stlth   ++........              (no amulet)
HPRegen 0.22/turn               c - +4 ring of protection
MPRegen 0.19/turn               s - +4 ring of protection

@: no status effects
A: sickness immunity, AC +8, negative energy resistance 1, electricity
resistance, torment resistance 1, petrification resistance
a: Renounce Religion


You were on level 1 of the Lair of Beasts.
You worshipped Vehumet.
Vehumet was greatly pleased with you.
You visited 3 branches of the dungeon, and saw 12 of its levels.
You also visited: Sewer and Bailey.

You collected 612 gold pieces.
You spent 380 gold pieces at shops.

Inventory:

Hand Weapons
 b - a +4 flail of protection
Armour
 n - a +1 robe of the Archmagi (worn)
 p - a +1 pair of boots (worn)
Magical Staves
 a - a staff of earth (weapon)
 E - a staff of conjuration
Jewellery
 c - a +4 ring of protection (left hand)
 s - a +4 ring of protection (right hand)
 B - a ring of positive energy
Wands
 m - a wand of charming (8)
 o - a wand of polymorph (9)
 A - a wand of flame (8)
Scrolls
 f - 3 scrolls of blinking
 g - 2 scrolls of poison
 i - 3 scrolls of teleportation
 j - a scroll of fear
 l - 3 scrolls of amnesia
 v - a scroll of vulnerability
 x - a scroll of enchant weapon
 y - 2 scrolls of butterflies
 z - a scroll of identify
 C - a scroll of silence
Potions
 d - 4 potions of haste
 e - 3 potions of berserk rage
 h - 2 potions of resistance
 k - 2 potions of cancellation
 q - 5 potions of mutation
 r - 6 potions of heal wounds
 t - 6 potions of curing
 u - a potion of brilliance
 w - 2 potions of magic
 D - a potion of lignification
 F - a potion of invisibility


   Skills:
 + Level 8.4 Fighting
 - Level 4.8 Staves
 - Level 2.1 Armour
 - Level 1.5 Dodging
 - Level 2.1 Stealth
 + Level 8.1 Spellcasting
 + Level 10.5 Conjurations
 - Level 0.7 Transmutations
 + Level 4.5 Fire Magic
 + Level 12.3 Earth Magic
 - Level 4.0 Evocations


You had 2 spell levels left.
You knew the following spells:

 Your Spells              Type           Power      Damage    Failure   Level
a - Sandblast             Erth           100%       2d20      1%          1
b - Passwall              Tmut/Erth      57%        N/A       1%          2
c - Stone Arrow           Conj/Erth      100%       3d13      1%          3
d - Iron Shot             Conj/Erth      45%        9d9       3%          6
e - Shatter               Erth           47%        3d36*     100%        9
f - Sticky Flame          Conj/Fire      57%        2d7       1%          4

Your spell library contained the following spells:

 Spells                   Type           Power      Damage    Failure   Level
 Shock                    Conj/Air       100%       1d9       1%          1
 Freeze                   Ice            48%        1d7       2%          1
 Apportation              Tloc           24%        N/A       8%          1
 Necrotise                Necr           48%        1d6       8%          1
 Summon Small Mammal      Summ           48%        N/A       8%          1
 Petrify                  Tmut/Erth      69%        N/A       5%          4
 Airstrike                Air            6%         0-3+      21%         4
 Call Canine Familiar     Summ           12%        N/A       24%         3
 Ozocubu's Armour         Ice            12%        N/A       24%         3
 Summon Guardian Golem    Hex/Summ       12%        N/A       24%         3
 Swiftness                Air            12%        N/A       24%         3
 Metabolic Englaciation   Hex/Ice        6%         N/A       91%         5
 Ozocubu's Refrigeration  Ice            6%         4d6       100%        7
 Statue Form              Tmut/Erth      Unusable   N/A       N/A         6

Dungeon Overview and Level Annotations

Branches:
Dungeon (10/15)            Temple (1/1) D:4            Lair (1/5) D:8
    Orc (0/2) D:10          Sewer (visited)          Bailey (visited)

Altars:
Ashenzari
Cheibriados
Dithmenos
Elyvilon
Fedhas
Gozag
Hepliaklqana
Kikubaaqudgha
Makhleb
Nemelex Xobeh
Okawaru
Qazlal
Ru
Sif Muna
Trog
Uskayaw
Vehumet
Wu Jian
Xom
Yredelemnul
Zin
The Shining One

Shops:
D:6 [(   D:7 *   D:8 :   D:10 !

Portals:
Ice
Cave: Lair:1


Innate Abilities, Weirdness & Mutations

You are immune to sickness and miasma.
Your stone body is resilient. (AC +8)
You are immune to poison.
You resist negative energy. (rN+)
You are resistant to electric shocks. (rElec)
You are resistant to unholy torment.
You are immune to petrification.


Message History

Press: ? - help, Shift-Dir - straight line, f/p - death yak simulacrum
Aim: a death yak simulacrum (almost destroyed, 100% to hit)
You feel a strong surge of power!
The blast of sand hits the death yak simulacrum!!
The death yak simulacrum vaporises!
Vehumet accepts your kill.
You feel your power returning.
A death yak simulacrum comes into view.
Found a frozen archway.
You hear the faint crackling of a melting archway nearby.
There is a staircase back to the Dungeon here.
Aiming: Stone Arrow (safe; 1% risk of failure)
Press: ? - help, Q - select action, (/) - cycle Shift-Dir - straight line, f - death yak simulacrum
Aim: a death yak simulacrum (100% to hit)
You feel a strong surge of power!
The stone arrow hits the death yak simulacrum!!
The death yak simulacrum is heavily damaged.
Aiming: Stone Arrow (safe; 1% risk of failure)
Press: ? - help, Q - select action, (/) - cycle Shift-Dir - straight line, f/p - death yak simulacrum
Aim: a death yak simulacrum (heavily damaged, 100% to hit)
You feel a strong surge of power!
The stone arrow hits the death yak simulacrum!!
The death yak simulacrum is almost destroyed.
You completely miss the death yak simulacrum.
The death yak simulacrum is almost destroyed.
The death yak simulacrum gores you. The death yak simulacrum freezes you!!!
Ouch! That really hurt!
* * * LOW HITPOINT WARNING * * *
Casting: Stone Arrow (safe; 1% risk of failure)
Confirm with . or Enter, or press ? or * to list all spells.
Aiming: Sandblast (safe; 1% risk of failure)
Press: ? - help, Shift-Dir - straight line, f/p - death yak simulacrum
Aim: a death yak simulacrum (almost destroyed, 100% to hit)
You feel a strong surge of power!
The blast of sand hits the death yak simulacrum but does no damage.
The death yak simulacrum is almost destroyed.
The death yak simulacrum gores you.
* * * LOW HITPOINT WARNING * * *
The death yak simulacrum freezes you!!
You die...

.........#
...........
#..........#
......#...........#
......#...........#
#.....#...........#
#.................#
#.............Z@.#
.#..........†.....#
...........†......#
......>...........#
.∩......#.......###
.........#....#.#
.........####.###
......Z..# ###
..........


You could see a death yak simulacrum.

Vanquished Creatures
  A hydra (D:10)
  An ugly thing (D:10)
  A black mamba (D:8)
  2 kobold demonologists (D:9)
  Maggie (D:9)
  A troll (D:10)
  2 hornets
  A wraith (D:10)
  28 yaks
  A yak (shapeshifter) (D:10)
  A steam dragon (D:8)
  3 vampire mosquitoes
  A death yak simulacrum (Lair:1)
  A water moccasin (D:5)
  7 orc warriors
  A sky beast (D:7)
  5 centaurs
  3 kobold brigands
  2 gnoll sergeants
  2 bullfrogs
  5 scorpions
  3 killer bees (D:8)
  A gnoll bouda (D:5)
  2 jellies (D:6)
  2 orc priests
  5 hounds
  6 iguanas
  6 orc wizards
  A mummy (D:4)
  15 gnolls
  10 adders
  4 river rats
  A shadow imp (D:6)
  2 white imps
  2 worms
  2 dart slugs (D:3)
  40 orcs
  4 ball pythons
  6 endoplasms
  A giant cockroach (D:2)
  12 goblins
  8 hobgoblins
  9 jackals
  34 kobolds
  4 quokkas
  A bat (D:1)
  8 frilled lizards
  10 rats
269 creatures vanquished.

Notes
Turn   | Place    | Note
-------+----------+-------------------------------------------
     0 | D:1      | quixfox the Gargoyle Earth Elementalist began the quest for
                  | the Orb.
     0 | D:1      | Reached XP level 1. HP: 10/10 MP: 3/3
   200 | D:1      | Found a faded altar of an unknown god.
   630 | D:1      | Reached XP level 2. HP: 15/15 MP: 3/5
   655 | D:1      | Reached skill level 4 in Earth Magic
  1382 | D:2      | Reached XP level 3. HP: 19/19 MP: 4/6
  1387 | D:2      | Learned a level 2 spell: Passwall
  1391 | D:2      | Learned a level 3 spell: Stone Arrow
  1714 | D:3      | Found a white marble altar of Elyvilon.
  1968 | D:3      | Identified the +0 scale mail of the Lich-sworn {rElec
                  | Int+4}
  2013 | D:3      | Reached skill level 1 in Conjurations
  2097 | D:3      | Reached XP level 4. HP: 24/24 MP: 4/8
  2329 | D:3      | Noticed a gnoll sergeant
  3056 | D:4      | Noticed a scorpion
  3064 | D:4      | Killed a scorpion
  3065 | D:4      | Reached skill level 5 in Earth Magic
  3065 | D:4      | Reached XP level 5. HP: 18/28 MP: 1/10
  3300 | D:4      | Found a broken altar of Ashenzari.
  3319 | D:4      | Reached XP level 6. HP: 28/32 MP: 7/11
  3321 | D:4      | Found a staircase to the Ecumenical Temple.
  3330 | Temple   | Entered the Ecumenical Temple
  3382 | Temple   | Became a worshipper of Vehumet
  3580 | D:4      | Found a glowing drain.
  3591 | Sewer    | Entered a sewer
  3766 | Sewer    | Reached skill level 6 in Earth Magic
  4219 | D:4      | Found a snail-covered altar of Cheibriados.
  4309 | D:4      | Reached * piety under Vehumet
  4309 | D:4      | Offered knowledge of Magic Dart by Vehumet.
  4363 | D:4      | Reached XP level 7. HP: 36/36 MP: 9/13
  4825 | D:5      | Entered Level 5 of the Dungeon
  5094 | D:5      | Noticed a yak
  5095 | D:5      | Noticed a yak
  5100 | D:5      | Noticed a yak
  5101 | D:5      | Noticed a yak
  5117 | D:5      | Killed a yak
  5118 | D:5      | Reached skill level 5 in Spellcasting
  5118 | D:5      | Reached skill level 5 in Conjurations
  5118 | D:5      | Reached skill level 7 in Earth Magic
  5118 | D:5      | Reached XP level 8. HP: 41/41 MP: 12/15
  5119 | D:5      | Noticed a yak
  5128 | D:4      | Killed a yak
  5324 | D:5      | Killed a yak
  5582 | D:4      | Killed a yak
  5583 | D:4      | Reached skill level 8 in Earth Magic
  5751 | D:5      | Killed a yak
  5752 | D:5      | Reached skill level 1 in Fighting
  5752 | D:5      | Reached skill level 1 in Armour
  6265 | D:6      | Found Henipsoh's Armour Boutique.
  6272 | D:6      | Reached XP level 9. HP: 48/48 MP: 15/18
  6343 | D:6      | Found an iron altar of Okawaru.
  6393 | D:6      | Found Wufulor's Weapon Shoppe.
  6444 | D:6      | Offered knowledge of Poisonous Vapours by Vehumet.
  6476 | D:6      | Reached ** piety under Vehumet
  7118 | D:7      | Reached skill level 1 in Fire Magic
  7118 | D:7      | Reached skill level 1 in Evocations
  7235 | D:7      | Found a flagged portal.
  7268 | Bailey   | Entered a bailey
  7336 | Bailey   | Noticed an orc warlord
  7347 | Bailey   | Reached skill level 9 in Earth Magic
  7438 | Bailey   | Offered knowledge of Conjure Flame by Vehumet.
  7780 | Bailey   | Found a runed translucent gate.
  7782 | Bailey   | Found a runed translucent gate.
  7783 | Bailey   | Found a runed translucent gate.
  8027 | D:7      | Found Moahinin's Assorted Antiques.
  8377 | D:7      | Reached XP level 10. HP: 24/56 MP: 17/20
  8718 | D:8      | Reached *** piety under Vehumet
  9448 | D:8      | Found Xiynib's Book Shoppe.
  9457 | D:8      | Bought the Handbook of Snow and Clay for 380 gold pieces
  9464 | D:8      | Learned a level 6 spell: Iron Shot
  9474 | D:8      | Learned a level 9 spell: Shatter
  9482 | D:8      | Reached skill level 11 in Earth Magic
  9482 | D:8      | Reached XP level 11. HP: 67/67 MP: 21/21
  9489 | D:8      | Found a staircase to the Lair.
  9622 | D:9      | Offered knowledge of Iskenderun's Mystic Blast by Vehumet.
 10586 | D:9      | Noticed Maggie
 10591 | D:9      | Killed Maggie
 10690 | D:9      | Found a sparkling altar of Nemelex Xobeh.
 10753 | D:9      | Reached **** piety under Vehumet
 10870 | D:9      | Found a glowing silver altar of Zin.
 11024 | D:10     | Entered Level 10 of the Dungeon
 11029 | D:9      | Offered knowledge of Sticky Flame by Vehumet.
 11035 | D:9      | Learned a level 4 spell: Sticky Flame
 11130 | D:9      | Reached skill level 10 in Conjurations
 11540 | D:10     | Noticed a brown ugly thing
 11581 | D:10     | Killed a brown ugly thing
 11766 | D:10     | Reached skill level 12 in Earth Magic
 11825 | D:10     | Found a bloodstained altar of Trog.
 12099 | D:10     | Noticed a seven-headed hydra
 12200 | D:10     | Reached XP level 12. HP: 64/73 MP: 8/23
 12338 | D:10     | Found a sacrificial altar of Ru.
 12355 | D:10     | Noticed a +0 short sword
 12355 | D:10     | Noticed a +0 spear
 12356 | D:10     | Noticed a +0 spear
 12357 | D:10     | Found Gucwagu's Distillery.
 12357 | D:10     | Noticed a +0 short sword
 12357 | D:10     | Noticed a +0 dagger
 12358 | D:10     | Noticed a +0 dagger
 12366 | D:10     | Found a hide-covered altar of Uskayaw.
 12397 | D:10     | Found a staircase to the Orcish Mines.
 12612 | D:10     | Killed a seven-headed hydra
 13115 | Lair:1   | Entered Level 1 of the Lair of Beasts
 13260 | Lair:1   | Found a frozen archway.
 13280 | Lair:1   | HP: 2/75 [death yak simulacrum (5)]
 13280 | Lair:1   | Annihilated by a death yak simulacrum

Illustrated notes

Levels and vault maps discovered:
D:1:      evilmike_arrival_crescent, layout_basic,
          dreamdust_ecumenical_altar_angels_and_demons
D:2:      layout_loops_corners
D:3:      layout_rooms, mainiacjoe_overflow_small_starburst
D:4:      layout_loops_ring, slow_altar_2, evilmike_ruin_ashenzari,
          minmay_temple_entry_grid, portal_sewer_entry_e, st_stairs_2,
          wad_orctagon
D:5:      layout_rooms, minmay_misc_feat_five
D:6:      layout_gridville, okawaru_ov_weapons_minmay, serial_glass,
          glass_columns_b, glass_columns_a, nicolae_take_the_stairs,
          nicolae_stop_n_shop_2
D:7:      layout_cave_pools, enter_bailey_2, serial_shops, shop,
          nicolae_figureground_pulse
D:8:      layout_basic, lair_entry_dummy, serial_shops, shop
D:9:      layout_cross, nemelex_xobeh_ov_fountains_minmay, zin_scriptorium,
          uniq_maggie
D:10:     minmay_curly_fans, layout_layer_cave, lemuel_doored_altar,
          lemuel_tele_altar, nicolae_uskayaw_en_pointe, orc_0_dummy,
          serial_shops, shop, grunt_ministairs_7
Temple:   nicolae_temple_bog_church
Lair:1:   beast_lair_carwin_large_2, layout_cave_pods,
          portal_ice_cave_entry_ice_simulacra

Skill      XL: |  1  2  3  4  5  6  7  8  9 10 11 12 |
---------------+-------------------------------------+-----
Earth Magic    | 4 5 6 7 8 9 11 12 | 12.3
Conjurations   | 1 2 3 5 6 7 9 10 | 10.5
Spellcasting   | 3 4 5 6 7 8 |  8.1
Fighting       | 1 4 7 8 |  8.4
Armour         | 1 2 |  2.1
Fire Magic     | 2 3 4 |  4.5
Evocations     | 2 3 4 |  4.0
Staves         | 4 |  4.8
Dodging        | |  1.5
Stealth        | |  2.1
Transmutations | |  0.7

Action                   |  1- 3 |  4- 6 |  7- 9 | 10-12 || total
-------------------------+-------+-------+-------+-------++-------
Melee: Flail             |       |     1 |       |       ||     1
       Staff             |       |       |       |    15 ||    15
 Cast: Sandblast         |    43 |    87 |   174 |   101 ||   405
       Iron Shot         |       |       |       |    51 ||    51
       Stone Arrow       |       |       |       |     5 ||     5
Evoke: Wand              |       |       |       |     1 ||     1
  Use: Scroll            |       |     9 |     8 |     8 ||    25
       Potion            |       |       |     1 |     1 ||     2
Armor: Robe              |    10 |    32 |    70 |   137 ||   249
Dodge: Dodged            |    15 |    33 |    65 |   129 ||   242

Table legend: (Time is in decaauts)
 A = Elapsed time spent in this place.
 B = Non-inter-level travel time spent in this place.
 C = Inter-level travel time spent in this place.
 D = Time resting spent in this place.
 E = Time spent auto-exploring this place.
 F = Levels seen in this place.
 G = Mean time per level.
                   A        B        C        D        E       F      G
               +--------+--------+--------+--------+--------+-----+--------+
         Total |  13738 |  13276 |    462 |   3846 |   5032 |  14 |  981.3 |
       Dungeon |  12366 |  11904 |    462 |   3551 |   4821 |  10 | 1236.6 |
        Temple |     63 |     63 |      0 |      0 |      0 |   1 |   63.0 |
          Lair |     59 |     59 |      0 |      0 |      0 |   1 |   59.0 |
         Sewer |    492 |    492 |      0 |     65 |    210 |   1 |  492.0 |
        Bailey |    756 |    756 |      0 |    230 |      0 |   1 |  756.0 |
               +--------+--------+--------+--------+--------+-----+--------+

Top non-repeatable levels by time:
     D:8: 1814 daAuts
     D:4: 1694 daAuts
    D:10: 1632 daAuts
     D:2: 1561 daAuts
     D:9: 1220 daAuts
     D:6: 1080 daAuts
     D:3: 1054 daAuts
     D:7: 897 daAuts
  Bailey: 756 daAuts
     D:5: 708 daAuts
     D:1: 703 daAuts
   Sewer: 492 daAuts
  Temple: 63 daAuts
  Lair:1: 59 daAuts
